 Dungeon Crawl Stone Soup version 0.29-a0-598-gd8304a5bf4 (webtiles) character file.

Game seed: 16598899802249930403

672 ders the Magician (level 7, 0/45 HPs)
             Began as a Djinni Conjurer on June 15, 2022.
             Was an Initiate of Ashenzari.
             Slain by a jackal (1 damage)
             ... on level 5 of the Dungeon.
             The game lasted 00:03:51 (3587 turns).

ders the Magician (Djinni Conjurer)                 Turns: 3587, Time: 00:03:52

Health: 0/45       AC:  2    Str:  4 (6)  XL:     7   Next: 90%
Gold:   131        EV: 12    Int: 18 (21) God:    Ashenzari [......] SH:  0 Dex: 11 (12)

rFire   + + .      SeeInvis .   (no weapon)
rCold   x . .      Faith    .   p - orb {light}
rNeg    . . .      Spirit   .   a - +0 robe
rPois   ∞          Reflect  .   (no helmet)
rElec   .          Harm     .   (no cloak)
rCorr   .          Rampage  .   (no gloves)
Will    +....                   (boots unavailable)
Stlth   +.........              g - amulet of the acrobat
HPRegen 0.15/turn               m - +4 ring of slaying
MPRegen 0.00/turn               t - ring of willpower

@: about to teleport, flying, glowing
A: sickness immunity, fire resistance 2, cold vulnerability 1, float, innate
caster, HP casting, extra vitality 1
a: Renounce Religion


You were on level 5 of the Dungeon.
You worshipped Ashenzari.
Ashenzari was noncommittal.
You visited 2 branches of the dungeon, and saw 6 of its levels.

You collected 131 gold pieces.

Inventory:

Missiles
 k - 119 stones
Armour
 a - a +0 robe (worn)
 p - an orb of light (worn)
Jewellery
 g - an amulet of the acrobat (around neck)
 m - a +4 ring of slaying (left hand)
 t - a ring of willpower (right hand)
Wands
 r - a wand of iceblast (11)
 s - a wand of flame (23)
Scrolls
 b - 2 scrolls of torment {unknown}
 d - 2 scrolls of teleportation
 f - 7 scrolls of identify {unknown}
 h - 2 scrolls of enchant armour {unknown}
 i - a scroll of poison {unknown}
 l - 2 scrolls of amnesia {unknown}
 q - a scroll of silence {unknown}
Potions
 c - a potion of invisibility {unknown}
 e - a potion of curing {unknown}
 j - a potion of degeneration
 n - a potion of resistance {unknown}
 o - a potion of attraction {unknown}


   Skills:
 - Level 2.1 Dodging
 - Level 1.5 Stealth
 + Level 7.0 Spellcasting


You couldn't memorise any spells.
You knew the following spells:

 Your Spells              Type           Power      Damage    Failure   Level
a - Magic Dart            Conj           100%       1d8       1%          1
b - Sandblast             Erth           62%        2d14      1%          1
c - Dazzling Flash        Conj/Hex       62%        N/A       1%          3
d - Fulminant Prism       Conj/Hex       15%        3d11      6%          4
e - Iskenderun's Mystic   Conj/Tloc      31%        2d8       6%          4
f - Searing Ray           Conj           62%        2d6       1%          2
g - Scorch                Fire           62%        2d8       1%          2
h - Ozocubu's Armour      Ice            31%        N/A       1%          3
Your spell library was empty.

Dungeon Overview and Level Annotations

Branches:
Dungeon (5/15)             Temple (1/1) D:4

Altars:
Ashenzari
Cheibriados
Elyvilon
Kikubaaqudgha
Makhleb
Nemelex Xobeh
Okawaru
Qazlal
Ru
Trog
Wu Jian
Yredelemnul
Zin
The Shining One

Annotations:
D:5 Grinder


Innate Abilities, Weirdness & Mutations

You are immune to sickness and miasma.
You are immune to poison.
Your flesh is very heat resistant. (rF++)
You are vulnerable to cold. (rC-)
You float through the air rather than walking.
You learn spells naturally, not from books.
Your magical power is your life essence.
You have superior vitality. (+4 MHP)


Message History

Aiming: Sandblast (safe; 1% risk of failure)
Press: ? - help, Shift-Dir - straight line, f/p - ice beast
Aim: an ice beast (severely wounded, haloed, 86% to hit)
The blast of sand hits the jackal!!
You kill the jackal!
The jackal misses you.
An iguana comes into view.
The jackal bites you but does no damage.
Grinder blinks!
The ice beast hits you. The ice beast freezes you!
You feel a terrible chill!
Unknown command.
Casting: Sandblast (safe; 1% risk of failure)
Confirm with . or Enter, or press ? or * to list all spells.
Aiming: Sandblast (safe; 1% risk of failure)
Press: ? - help, Shift-Dir - straight line, f/p - ice beast
Aim: an ice beast (severely wounded, haloed, 86% to hit)
The blast of sand hits the ice beast!
You kill the ice beast!
The iguana hisses angrily.
The jackal barely misses you. The jackal bites you.
The jackal completely misses you. The jackal closely misses you.
Your Spellcasting skill increases to level 7!
Unknown command.
The jackal attacks as you move away! The jackal closely misses you.
The jackal attacks as you move away! The jackal completely misses you.
Grinder hits you!
You writhe in agony.
As you read the scroll of teleportation, it crumbles to dust.
You feel strangely unstable. The jackal bites you.
* * * LOW HITPOINT WARNING * * *
The iguana hisses menacingly.
Grinder hits you!
* * * LOW HITPOINT WARNING * * *
You writhe in agony.
* * * LOW HITPOINT WARNING * * *
It was a potion of degeneration.
There was something very wrong with that liquid.
You feel weakened.
You feel dopey.
You feel clumsy.
The jackal bites you but does no damage.
The jackal bites you.
You die...

####.##.# #........
#.##.# #.......
#.##.####.......
#.##............
###.##...##......
#.........#.l†#
..####....####...#S#
..........####.5##h#
####............@#.#
##......#####hh.#
#.....## ##..#
##....# #..# #....#
#..# #..... ####
#....## #..###


You could see Grinder and 2 jackals.

Vanquished Creatures
  An ice beast (D:5)
  A black bear (D:4)
  An ogre (D:4)
  A phantom (D:4)
  A bullfrog (D:4)
  2 scorpions
  A hound (D:4)
  4 adders
  A worm (D:4)
  A dart slug (D:4)
  An orc (D:4)
  5 ball pythons
  3 bats
  5 endoplasms
  4 giant cockroaches
  7 hobgoblins
  8 jackals
  11 kobolds
  2 quokkas (D:1)
  A frilled lizard (D:1)
  8 goblins
  6 rats
75 creatures vanquished.

Notes
Turn   | Place    | Note
-------+----------+-------------------------------------------
     0 | D:1      | ders the Djinni Conjurer began the quest for the Orb.
     0 | D:1      | ders set off with the following spells memorised: Magic
                  | Dart, Searing Ray, Dazzling Flash, Fulminant Prism,
                  | Iskenderun's Mystic Blast.
     0 | D:1      | Reached XP level 1. HP: 15/15 MP: 0/0
   158 | D:1      | Reached XP level 2. HP: 13/21 MP: 0/0
   708 | D:1      | Reached XP level 3. HP: 23/25 MP: 0/0
   708 | D:1      | Learned a level 1 spell: Sandblast
   909 | D:1      | Found a faded altar of an unknown god.
   982 | D:1      | Reached skill level 4 in Spellcasting
  1696 | D:2      | Reached XP level 4. HP: 24/31 MP: 0/0
  2417 | D:3      | You are sucked into a shaft and drop 1 floor!
  2443 | D:4      | Found a sacrificial altar of Ru.
  2443 | D:4      | Noticed a black bear
  2453 | D:4      | Noticed an ogre
  2456 | D:4      | Killed an ogre
  2457 | D:4      | Reached skill level 5 in Spellcasting
  2457 | D:4      | Reached XP level 5. HP: 10/35 MP: 0/0
  2457 | D:4      | Learned a level 2 spell: Scorch
  2681 | D:4      | Killed a black bear
  2682 | D:4      | Reached XP level 6. HP: 28/40 MP: 0/0
  2765 | D:4      | Reached skill level 6 in Spellcasting
  2833 | D:4      | Reached XP level 7. HP: 29/45 MP: 0/0
  2833 | D:4      | Learned a level 3 spell: Ozocubu's Armour
  3091 | D:4      | Found a staircase to the Ecumenical Temple.
  3437 | Temple   | Entered the Ecumenical Temple
  3491 | Temple   | Became a worshipper of Ashenzari the Shackled
  3513 | D:5      | Entered Level 5 of the Dungeon
  3574 | D:5      | Noticed Grinder
  3581 | D:5      | Reached skill level 7 in Spellcasting
  3586 | D:5      | HP: 1/45 [Grinder (2)]
  3587 | D:5      | Slain by a jackal

Illustrated notes

Levels and vault maps discovered:
D:1:      psy_arrival_dodecagon, layout_basic,
          hellmonk_ecumenical_altar_pennies_from_heaven, minmay_tromino_v4_c
D:2:      minmay_evil_eye, layout_rooms, mrwooster_statue_mirror,
          kennysheep_flooded_box
D:3:      layout_basic, uniq_jessica
D:4:      layout_rooms, nicolae_ru_sacrificial_ziggurat,
          minmay_temple_entry_tees
D:5:      layout_rooms, minmay_misc_feat_five, minmay_joined_circles,
          uniq_grinder
Temple:   nicolae_temple_god_jail

Skill      XL: |  1  2  3  4  5  6  7 |
---------------+----------------------+-----
Spellcasting   | 4 5 6 7 |  7.0
Dodging        | |  2.1
Stealth        | |  1.5

Action                   |  1- 3 |  4- 6 |  7- 9 || total
-------------------------+-------+-------+-------++-------
 Cast: Magic Dart        |    67 |    42 |    20 ||   129
       Sandblast         |     9 |    16 |    10 ||    35
  Use: Scroll            |       |     1 |     1 ||     2
       Potion            |       |       |     1 ||     1
Armor: Robe              |     3 |     1 |     2 ||     6
Dodge: Dodged            |    10 |    21 |    11 ||    42

Table legend: (Time is in decaauts)
 A = Elapsed time spent in this place.
 B = Non-inter-level travel time spent in this place.
 C = Inter-level travel time spent in this place.
 D = Time resting spent in this place.
 E = Time spent auto-exploring this place.
 F = Levels seen in this place.
 G = Mean time per level.
                   A        B        C        D        E       F      G
               +--------+--------+--------+--------+--------+-----+--------+
         Total |   3621 |   3481 |    140 |    697 |   2411 |   6 |  603.5 |
       Dungeon |   3557 |   3439 |    118 |    697 |   2382 |   5 |  711.4 |
        Temple |     63 |     41 |     22 |      0 |     29 |   1 |   63.0 |
               +--------+--------+--------+--------+--------+-----+--------+

Top non-repeatable levels by time:
     D:1: 1183 daAuts
     D:4: 1049 daAuts
     D:2: 992 daAuts
     D:3: 254 daAuts
     D:5: 78 daAuts
  Temple: 63 daAuts
